 Dungeon Crawl Stone Soup version 0.31-a0-145-g046c7d2549 (webtiles) character file.

Game seed: 14389622895645569452

12596 night the Grappler (level 11, -11/87 HPs)
             Began as a Troll Transmuter on June 5, 2023.
             Was a Priest of Hepliaklqana.
             Killed from afar by a deep elf pyromancer (36 damage)
             ... with a bolt of fire
             ... on level 10 of the Dungeon.
             The game lasted 00:22:30 (8311 turns).

night the Grappler (Troll Transmuter)               Turns: 8311, Time: 00:22:30

Health: -11/87     AC:  9    Str: 20    XL:     11   Next: 64%
Magic:  12/12      EV: 13    Int: 19    God:    Hepliaklqana [***...]
Gold:   565        SH:  0    Dex: 10    Spells: 5/12 levels left

rFire   . .          .
                       - Unarmed
rCold   . . .        (no shield)
rNeg    . . .        K - +0 swamp dragon scales
rPois   +            (helmet restricted)
rElec   .            (no cloak)
rCorr   .            (gloves unavailable)
SInv    .            (boots unavailable)
Will    .....        (no amulet) Stlth
                     j - +6 ring of intelligence
HPRegen 1.14/turn    U - +5 ring of evasion
MPRegen 0.13/turn

%: no passive effects
@: no status effects
A: reduced essence, large, unfitting armour, claws 3, regeneration 1, shaggy fur
1, tough skin 1
a: Renounce Religion, Recall Ancestor, Ancestor Identity, Transference


You were on level 10 of the Dungeon.
You worshipped Hepliaklqana.
Hepliaklqana was most pleased with you.
You visited 1 branch of the dungeon, and saw 10 of its levels.
You also visited: Sewer and Ossuary.

You collected 565 gold pieces.

Inventory:

Hand Weapons
 N - the +2 trident "Saisil" {spect, Fly rElec Str-3 Dex+2}
   (You found it on level 8 of the Dungeon)

   Str:       It affects your strength (-3).
   Dex:       It affects your dexterity (+2).
   rElec:     It insulates you from electricity.
   Fly:       It grants you flight.
Missiles
 c - 115 stones
 g - 9 large rocks
 w - 51 poisoned darts
 D - a boomerang of dispersal
 O - 4 boomerangs
 P - 4 throwing nets
 Q - a curare-tipped dart
Armour
 G - a +1 robe of fire resistance
 K - +0 swamp dragon scales (worn)
Jewellery
 j - a +6 ring of intelligence (left claw)
 F - an amulet of guardian spirit
 H - an amulet of magic regeneration
 M - an amulet of the acrobat
 U - a +5 ring of evasion (right claw)
Wands
 f - a wand of mindburst (25)
 r - a wand of flame (5)
 t - a wand of iceblast (27)
Scrolls
 a - 3 scrolls of fog
 d - 7 scrolls of teleportation
 l - 2 scrolls of vulnerability
 m - a scroll of magic mapping
 o - a scroll of enchant armour
 q - 5 scrolls of fear
 s - 3 scrolls of brand weapon
 u - 5 scrolls of poison
 y - a scroll of acquirement
 B - 2 scrolls of amnesia
 C - 4 scrolls of blinking
 J - a scroll of silence
 S - a scroll of immolation
 T - 2 scrolls of noise
Potions
 b - 2 potions of lignification
 h - 11 potions of curing
 i - 2 potions of ambrosia
 k - 4 potions of enlightenment
 n - 2 potions of might {unknown}
 p - 3 potions of cancellation
 v - 4 potions of heal wounds {unknown}
 x - 3 potions of magic {unknown}
 z - a potion of brilliance {unknown}
 A - 3 potions of attraction {unknown}
 I - a potion of invisibility {unknown}
 L - 3 potions of resistance {unknown}
 R - a potion of mutation {unknown}
 V - a potion of degeneration {unknown}


   Skills:
 + Level 3.4 Fighting
 - Level 1.5 Dodging
 * Level 13.8 Unarmed Combat
 - Level 1.2 Spellcasting
 - Level 6.8 Transmutations
 - Level 5.7 Ice Magic
 + Level 3.6 Invocations


You had 5 spell levels left.
You knew the following spells:

 Your Spells              Type           Power      Damage    Failure   Level
a - Beastly Appendage     Tmut           54%        N/A       1%          1
b - Wereblood             Tmut           27%        N/A       3%          2
c - Ice Form              Ice/Tmut       25%        N/A       24%         4

Your spell library contained the following spells:

 Spells                   Type           Power      Damage    Failure   Level
 Sting                    Tmut/Pois      56%        1d5       8%          1
 Spider Form              Tmut/Pois      14%        N/A       24%         3
 Blink                    Tloc           2%         N/A       43%         2
 Lesser Beckoning         Tloc           2%         N/A       43%         2
 Momentum Strike          Conj/Tloc      2%         3d8       43%         2
 Poisonous Vapours        Pois/Air       2%         N/A       43%         2
 Inner Flame              Hex/Fire       1%         N/A       67%         3
 Flame Wave               Conj/Fire      1%         2d4       97%         4
 Leda's Liquefaction      Hex/Erth       0%         N/A       97%         4
 Olgreb's Toxic Radiance  Pois           1%         N/A       97%         4
 Sticky Flame             Conj/Fire      1%         2d3       97%         4
 Lee's Rapid Deconstruct  Erth           0%         3d4*      100%        5
 Conjure Ball Lightning   Conj/Air       0%         3x3d6     100%        6
 Leda's Unmaking          Conj/Erth      0%         9d1       100%        6
 Statue Form              Tmut/Erth      9%         N/A       100%        6
 Discord                  Hex            0%         N/A       100%        8
 Disjunction              Tloc           0%         N/A       100%        8


Dungeon Overview and Level Annotations

Branches:
Dungeon (10/15)            Temple (0/1) D:7           Sewer (visited)
Ossuary (visited)
   Lair: D:8-11         Orc: D:9-12

Altars:
Ashenzari
Dithmenos
Elyvilon
Fedhas
Hepliaklqana
Kikubaaqudgha
Okawaru
Qazlal
Ru
Wu Jian
The Shining One

Shops:
D:8 ?

Annotations:
D:7 2 transporters, Thantalas's ghost, novice DrEE
D:10 Sonja


Innate Abilities, Weirdness & Mutations

Your life essence is reduced to manifest your ancestor. (-10% HP)
You are too large for most types of armour.
You have claws for hands.
Your natural rate of healing is unusually fast.
You are covered in fur. (AC +1)
You have tough skin. (AC +1)


Message History

The slime creature is heavily wounded.
The slime creature hits you but does no damage.
You mangle the slime creature!! Your claw misses the slime creature.
The slime creature is almost dead.
Sonja gestures wildly while chanting.
Sonja blinks!
You scratch the slime creature.
The slime creature is almost dead.
The slime creature hits you but does no damage.
Tlalli casts a spell at the slime creature.
The puff of frost hits the slime creature!
The slime creature dies!
You mangle the skeletal warrior!!
The skeletal warrior is moderately damaged.
The skeletal warrior hits you with a +0 rapier!!
* * * LOW HITPOINT WARNING * * *
The deep elf pyromancer mumbles some strange words.
You claw the skeletal warrior!
The skeletal warrior is heavily damaged.
Tlalli points at the skeletal warrior and mumbles some strange words.
The stone arrow hits the skeletal warrior but does no damage.
You mangle the skeletal warrior!!
The skeletal warrior is severely damaged.
The deep elf pyromancer mumbles some strange words.
The deep elf pyromancer blinks!
The skeletal warrior closely misses you.
Tlalli casts a spell at the skeletal warrior.
The stone arrow hits the skeletal warrior!
You closely miss the skeletal warrior.
The skeletal warrior is almost destroyed.
The skeletal warrior hits you but does no damage.
You scratch the skeletal warrior but do no damage.
You claw the skeletal warrior!
You destroy the skeletal warrior!
The deep elf pyromancer gestures at you while chanting.
The bolt of fire hits the fire elemental.
The fire elemental completely resists.
The bolt of fire hits the fire elemental.
The fire elemental completely resists.
The bolt of fire hits you!!!
You die...

############.####.CJ#.........
#.##e..###:....#..Y ##....###
#......... ##...### #.....##
#####.e☼## . #.....#E# #.#
#.....#§# ###.# #.....#E#
##...# ###.###@#####..#.#
#.###R.....[.#.# ###
#...#........#.# ....
###..........#.##..#
#..#............#
#..#.......#.####
#..#.......#.#
##.#########.###
#.#...........#


You could see the friendly Tlalli the battlemage, a deep elf pyromancer and 2
fire elementals.

Vanquished Creatures
  A two-headed ogre (D:8)
  A skeletal warrior (D:10)
  Pikel (D:6)
  A cyclops (D:10)
  An ice statue (D:10)
  Maggie (D:7)
  An unseen horror zombie (D:7)
  A meliai (D:10)
  A hornet (D:8)
  2 trolls
  Prince Ribbit (D:6)
  A wyvern (D:9)
  A wraith (D:9)
  12 yaks
  2 steam dragons (D:8)
  An acid dragon (D:8)
  3 orc warriors
  A black bear (D:5)
  2 hornet zombies (D:7)
  3 sky beasts
  2 ogres
  A centaur (D:9)
  3 kobold brigands
  3 lemures (D:6)
  3 bullfrogs (D:7)
  Blork the orc (D:6)
  3 gnoll sergeants
  3 wyvern zombies
  A scorpion (D:4)
  3 water moccasin zombies (Ossuary)
  15 wights
  2 killer bees (D:9)
  2 howler monkeys
  8 bullfrog zombies
  7 centaur zombies
  3 orc priests
  5 hounds
  3 jellies
  2 sleepcaps (D:5)
  Jessica (D:3)
  Natasha (thrice) (D:3)
  12 mummies (Ossuary)
  2 iguanas
  9 orc wizards
  2 killer bee zombies (Ossuary)
  4 howler monkey zombies
  13 gnolls
  11 adders
  2 white imps
  5 worms
  A dart slug (D:1)
  22 orcs
  5 endoplasms
  7 giant cockroaches
  5 goblins
  3 hobgoblins
  2 jackals (D:8)
  23 kobolds
  A quokka (D:3)
  12 ball pythons
  9 bats
  4 frilled lizards
  11 rats
277 creatures vanquished.

Vanquished Creatures (collateral kills)
  A troll (D:10)
  A slime creature (D:10)
  5 yaks
  2 orc warriors (D:9)
  A centaur (D:10)
  A gnoll sergeant (D:8)
  3 wights (D:9)
  2 killer bees (D:9)
  2 gnoll boudas (D:8)
  2 orc priests (D:9)
  A killer bee zombie (D:7)
  7 gnolls
  4 orcs (D:9)
  A jackal (D:8)
  6 kobolds
39 creatures vanquished.

Vanquished Creatures (others)
  A sky beast (D:7)
  An ancestor (D:8)
  2 battlemagi (D:10)
  A quokka (D:4)
5 creatures vanquished.

Grand Total: 321 creatures vanquished

Notes
Turn   | Place    | Note
-------+----------+-------------------------------------------
     0 | D:1      | night the Troll Transmuter began the quest for the Orb.
     0 | D:1      | Reached XP level 1. HP: 18/18 MP: 1/1
   175 | D:1      | Reached XP level 2. HP: 26/26 MP: 2/2
   691 | D:2      | Found a faded altar of an unknown god.
   703 | D:2      | Reached XP level 3. HP: 32/32 MP: 3/3
  1237 | D:2      | Reached skill level 4 in Unarmed Combat
  1237 | D:2      | Reached skill level 1 in Ice Magic
  1513 | D:3      | Noticed Jessica
  1518 | D:3      | Reached skill level 2 in Transmutations
  1518 | D:3      | Reached XP level 4. HP: 40/40 MP: 4/4
  1524 | D:3      | Killed Jessica
  1642 | D:3      | Noticed Natasha
  1648 | D:3      | Killed Natasha
  1683 | D:3      | Noticed Natasha
  1694 | D:3      | Killed Natasha
  1695 | D:3      | Reached XP level 5. HP: 23/46 MP: 5/5
  2123 | D:3      | Found a faded altar of an unknown god.
  2128 | D:3      | Found a stormy altar of Qazlal.
  2189 | D:3      | Noticed Natasha
  2199 | D:3      | Killed Natasha
  2247 | D:4      | Reached skill level 5 in Unarmed Combat
  2329 | D:4      | Noticed an ogre
  2333 | D:4      | Found a white marble altar of Elyvilon.
  2337 | D:4      | Killed an ogre
  2338 | D:4      | Reached skill level 2 in Ice Magic
  2338 | D:4      | Reached XP level 6. HP: 54/54 MP: 4/6
  2697 | D:4      | Found a glowing drain.
  2706 | Sewer    | Entered a sewer
  2839 | Sewer    | Identified the +0 plate armour "Mucw" {*Slow rC+ Will++}
  2912 | Sewer    | Identified the +0 leather armour of the Hall of Blades
                  | {+Inv Str+5 Dex-5}
  3027 | D:4      | Learned a level 2 spell: Wereblood
  3032 | D:4      | Learned a level 4 spell: Ice Form
  3269 | D:5      | Entered Level 5 of the Dungeon
  3319 | D:5      | Reached skill level 6 in Unarmed Combat
  3319 | D:5      | Reached XP level 7. HP: 58/61 MP: 7/7
  3769 | D:5      | You fall into a shaft and drop 1 floor!
  3799 | D:6      | Reached skill level 7 in Unarmed Combat
  3899 | D:6      | Found a sacrificial altar of Ru.
  3901 | D:6      | Found a glowing golden altar of the Shining One.
  4035 | D:6      | Found a hazy altar of Hepliaklqana.
  4148 | D:6      | Became a worshipper of Hepliaklqana the Forgotten
  4226 | D:6      | Noticed Blork the orc
  4239 | D:6      | Killed Blork the orc
  4282 | D:6      | Reached XP level 8. HP: 67/68 MP: 8/8
  4568 | D:6      | Noticed Pikel
  4568 | D:6      | Noticed Prince Ribbit
  4616 | D:6      | Killed Prince Ribbit
  4712 | D:6      | Killed Pikel
  4713 | D:6      | Reached skill level 8 in Unarmed Combat
  4886 | D:7      | Found a sand-covered staircase.
  4895 | Ossuary  | Entered an ossuary
  4931 | Ossuary  | Reached XP level 9. HP: 75/75 MP: 9/9
  4962 | Ossuary  | Reached skill level 9 in Unarmed Combat
  4989 | Ossuary  | Identified a scroll of acquirement
  5069 | Ossuary  | Reached skill level 5 in Transmutations
  5304 | D:7      | Found a staircase to the Ecumenical Temple.
  5344 | D:7      | Reached skill level 10 in Unarmed Combat
  5344 | D:7      | Reached skill level 5 in Ice Magic
  5448 | D:7      | Noticed Maggie
  5461 | D:7      | Killed Maggie
  5463 | D:7      | Reached XP level 10. HP: 25/83 MP: 10/10
  5670 | D:7      | Reached * piety under Hepliaklqana
  5720 | D:7      | Reached skill level 11 in Unarmed Combat
  6114 | D:7      | Found a transporter.
  6117 | D:7      | Noticed Thantalas's ghost (novice DrEE)
  6119 | D:7      | Found a transporter.
  6614 | D:8      | Noticed a two-headed ogre
  6629 | D:8      | Killed a two-headed ogre
  6630 | D:8      | Reached skill level 12 in Unarmed Combat
  6734 | D:8      | Found Maivuniote's Magic Scroll Emporium.
  6826 | D:8      | Reached ** piety under Hepliaklqana
  6827 | D:8      | Remembered your ancestor Tlalli as a battlemage
  6890 | D:8      | Identified the +2 trident "Saisil" {spect, Fly rElec Str-3
                  | Dex+2}
  7249 | D:9      | Reached skill level 1 in Fighting
  7280 | D:9      | Reached XP level 11. HP: 67/81 MP: 11/11
  7289 | D:9      | Reached skill level 1 in Invocations
  7379 | D:9      | Found an iron altar of Okawaru.
  7383 | D:9      | Found a blossoming altar of Fedhas.
  7383 | D:9      | Found an ancient bone altar of Kikubaaqudgha.
  7383 | D:9      | Found an ornate altar of the Wu Jian Council.
  7387 | D:9      | Found a shadowy altar of Dithmenos.
  7482 | D:9      | Found a broken altar of Ashenzari.
  7569 | D:9      | Reached skill level 2 in Fighting
  7569 | D:9      | Reached skill level 13 in Unarmed Combat
  7623 | D:9      | Reached skill level 2 in Invocations
  7964 | D:10     | Entered Level 10 of the Dungeon
  8065 | D:10     | Noticed Sonja
  8072 | D:10     | Noticed a centaur warrior
  8074 | D:10     | Noticed a deep elf pyromancer
  8156 | D:10     | Reached *** piety under Hepliaklqana
  8257 | D:10     | Noticed a skeletal warrior
  8311 | D:10     | Killed a skeletal warrior
  8311 | D:10     | Killed from afar by a deep elf pyromancer

Illustrated notes

Levels and vault maps discovered:
D:1:      saegor_arrival_simple_d, layout_loops_cross,
          chequers_serial_rivers_room_b, minivault_19
D:2:      layout_basic, hellmonk_ecumenical_altar_arch_garden
D:3:      layout_loops_ring, nicolae_overflow_ecumenical_swirl,
          minmay_misc_feat_rugged, dk_vineyard_1, st_stairs_9, uniq_natasha,
          uniq_jessica
D:4:      layout_basic, elyvilon_altar_4, gup_sewer_entry_bubbles
D:5:      layout_basic, minivault_19
D:6:      layout_gridville, nicolae_hepliaklqana_hazy_memory,
          chequers_temple_overflow_statue_of_worship, uniq_prince_ribbit1,
          uniq_blork_the_orc, uniq_pikel
D:7:      layout_basic, minmay_temple_entry_glass, gammafunk_ghost_hive,
          serial_undead, serial_undead_d, serial_undead_d, serial_undead_d,
          serial_undead_f, serial_undead_f, serial_undead_e, serial_undead_a,
          lightli_ossuary_entry_decrepit_ruins, uniq_maggie
D:8:      layout_cave_pools, serial_gnoll_camp, gnoll_camp_huts_basic,
          gnoll_camp_mini_shop, gnoll_camp_mini_hut, gnoll_camp_medium_01
D:9:      layout_basic, ashenzari_altar_1, minitemple
D:10:     minmay_the_grid_four_pointed_star_mashed
          [minmay_the_grid_triangle_9x9_negative_grid,
          minmay_the_grid_triangle_9x9_steps,
          minmay_the_grid_triangle_9x9_sprig,
          minmay_the_grid_triangle_9x9_thin_v,
          minmay_the_grid_prize_four_corners], layout_rooms, lair_entry_dummy,
          minivault_16, uniq_sonja

Skill      XL: |  1  2  3  4  5  6  7  8  9 10 11 |
---------------+----------------------------------+-----
Unarmed Combat | 4 5 6 7 8 10 12 13 | 13.8
Ice Magic      | 1 2 3 4 5 |  5.7
Transmutations | 2 3 4 5 6 |  6.8
Fighting       | 1 3 |  3.4
Invocations    | 3 |  3.6
Dodging        | |  1.5
Spellcasting   | |  1.2

Action                     |  1- 3 |  4- 6 |  7- 9 | 10-12 || total
---------------------------+-------+-------+-------+-------++-------
  Melee: Unarmed           |    68 |   154 |   339 |   390 ||   951
         Kick              |     2 |       |       |       ||     2
         Headbutt          |     1 |       |       |       ||     1
         Punch             |       |     1 |    20 |    26 ||    47
   Cast: Beastly Appendage |     2 |     1 |       |       ||     3
         Ice Form          |       |       |     1 |     1 ||     2
 Invoke: Ancestor Life: Ba |       |       |       |     1 ||     1
  Evoke: Wand              |       |     1 |     6 |     1 ||     8
    Use: Scroll            |       |       |    14 |     6 ||    20
         Potion            |       |       |       |     2 ||     2
   Stab: Distracted        |       |       |       |     5 ||     5
 Armour: Robe              |    17 |    49 |    72 |     3 ||   141
         Skin              |       |       |     1 |     4 ||     5
         Swamp dragon scal |       |       |       |   137 ||   137
  Dodge: Dodged            |    21 |    52 |   136 |   155 ||   364

Table legend: (Time is in decaauts)
 A = Elapsed time spent in this place.
 B = Non-inter-level travel time spent in this place.
 C = Inter-level travel time spent in this place.
 D = Time resting spent in this place.
 E = Time spent auto-exploring this place.
 F = Levels seen in this place.
 G = Mean time per level.
                   A        B        C        D        E       F      G
               +--------+--------+--------+--------+--------+-----+--------+
         Total |   8159 |   7909 |    250 |    280 |   5606 |  12 |  679.9 |
       Dungeon |   7516 |   7266 |    250 |    275 |   5284 |  10 |  751.6 |
         Sewer |    266 |    266 |      0 |      0 |    166 |   1 |  266.0 |
       Ossuary |    376 |    376 |      0 |      5 |    156 |   1 |  376.0 |
               +--------+--------+--------+--------+--------+-----+--------+

Top non-repeatable levels by time:
     D:7: 1136 daAuts
     D:6: 1070 daAuts
     D:2: 843 daAuts
     D:8: 802 daAuts
     D:3: 763 daAuts
     D:4: 758 daAuts
     D:9: 707 daAuts
     D:1: 617 daAuts
     D:5: 489 daAuts
 Ossuary: 376 daAuts
    D:10: 328 daAuts
   Sewer: 266 daAuts
